Map: 赛博森林-天梯版

Players

Kelazhur

  • Race: Terran Terran

RAIL - Winner!

  • Race: Protoss Protoss

Event: WESG 2018 Grand Finals

VOD

Have the link to the VOD?

Description

Time

  • Played on: March 12, 2019, 8:07 a.m.
  • Length: 9:34

All games in this series

Show
View Real Time Build Order
Export as new Build Order

Kelazhur Terran 

Build Orders: Hellion Opening 

Get SALT Encoding   

  12  0:00  SCV  
  13  0:12  SCV  
  14  0:17  Supply Depot  
  14  0:24  SCV  
  14  0:28  Refinery  
  15  0:38  SCV  
  16  0:45  Barracks  
  16  0:50  SCV  
  17  1:03  SCV  
  18  1:15  SCV  
  19  1:32  Orbital Command, Marine  
  20  1:33  Factory  
  20  1:39  Supply Depot  
  20  1:54  Barracks Reactor  
  20  1:58  SCV  
  21  2:09  Command Center  
  21  2:10  SCV  
  22  2:22  SCV, Supply Depot  
  23  2:35  Hellion x2  
  23  2:36  SCV  
  28  2:40  Barracks Tech Lab  
  27  2:48  SCV  
  28  2:56  Hellion x2  
  32  3:01  Concussive Shells, Marauder  
  32  3:03  Supply Depot  
  32  3:04  SCV  
  35  3:09  Supply Depot  
  35  3:16  SCV  
  35  3:23  Marauder  
  35  3:28  SCV  
  35  3:32  Hellion x2  
  40  3:40  SCV  
  37  3:41  Orbital Command  
  37  3:45  Refinery  
  38  3:48  Marauder  
  37  4:10  Marauder  
  37  4:14  SCV x2  
  37  4:16  Widow Mine x2  
  37  4:29  SCV  
  37  4:31  Barracks, Marauder  
  35  4:46  Bunker  
  35  4:50  Orbital Command, SCV  
  36  4:59  Marine, Siege Tank  
  39  5:00  Marine  
  39  5:02  SCV  
  42  5:08  Orbital Command  
  43  5:14  SCV  
  43  5:17  Barracks  
  43  5:18  Marine x2  
  46  5:22  Barracks Tech Lab  
  46  5:29  Orbital Command  
  46  5:30  SCV  
  46  5:33  Siege Tank  
  49  5:36  Marine x2  
  51  5:43  SCV  
  50  5:50  Marine  
  50  5:51  Stimpack  
  50  5:53  Marine  
  50  5:55  SCV x2  
  54  6:02  Marine  
  53  6:07  SCV  
  53  6:09  Engineering Bay  
  54  6:12  Starport, SCV  
  54  6:15  Marine  
  54  6:16  Refinery, Supply Depot  
  54  6:18  Marauder  
  58  6:19  SCV, Factory Reactor  
  58  6:22  Marine  
  58  6:23  Combat Shield  
  58  6:24  Marauder  
  62  6:26  SCV  
  62  6:31  SCV  
  63  6:33  Marine  
  63  6:34  Bunker  
  63  6:38  SCV  
  65  6:40  Marauder, Marine  
  65  6:43  SCV  
  65  6:44  Supply Depot  
  65  6:45  Terran Infantry Weapons Level 1  
  69  6:49  Supply Depot  
  69  6:50  SCV  
  70  7:05  Marine x3  
  70  7:06  Medivac x2, SCV  
  70  7:07  SCV  
  78  7:11  Marauder, Supply Depot  
  80  7:18  SCV  
  80  7:20  SCV  
  82  7:23  Command Center  
  82  7:25  Marine, Supply Depot  
  82  7:26  Marauder, Marine  
  86  7:32  SCV  
  86  7:36  Medivac x2  
  91  7:38  Factory Reactor  
  91  7:40  Refinery  
  91  7:46  Marauder, Marine  
  91  7:47  Marine  
  95  7:51  Marauder  
  95  7:53  SCV  
  87  8:08  Marauder  
  84  8:13  Marauder  
  84  8:14  Marine x2  
  84  8:19  Barracks  
  88  8:20  Barracks, Medivac x2  
  92  8:29  Orbital Command  
  88  8:34  Marine x2  
  88  8:35  Marauder x2, Orbital Command  
  88  8:36  Orbital Command  
  63  8:56  Marauder  
  63  8:57  Marauder, SCV  
  66  9:04  SCV  
  66  9:05  SCV  
  68  9:16  SCV x2  
Show
View Real Time Build Order
Export as new Build Order

RAIL Protoss - Winner!

Build Orders: 1 Gate Expand 

Get SALT Encoding   

  12  0:00  Probe  
  13  0:13  Pylon  
  13  0:17  Probe  
  14  0:31  Probe, Gateway  
  15  0:39  Probe  
  15  0:44  Assimilator  
  15  0:49  Probe  
  17  1:01  Probe  
  18  1:13  Probe  
  19  1:18  Cybernetics Core  
  19  1:25  Probe  
  20  1:35  Nexus  
  20  1:40  Assimilator  
  20  1:44  Adept  
  20  1:47  Pylon  
  20  1:55  Warp Gate  
  20  1:56  Probe  
  23  2:05  Stalker  
  23  2:07  Shield Battery  
  25  2:18  Probe  
  26  2:30  Probe  
  26  2:32  Stalker  
  29  2:46  Probe  
  29  2:49  Gateway  
  29  2:50  Gateway  
  30  2:53  Probe  
  30  2:58  Probe  
  32  3:06  Gateway  
  32  3:10  Probe x2  
  34  3:22  Probe  
  34  3:24  Probe  
  36  3:29  Pylon  
  34  3:34  Probe  
  34  3:36  Probe  
  36  3:44  Stalker  
  36  3:46  Probe  
  39  3:51  Stalker x2  
  39  3:52  Gateway  
  43  4:08  Probe  
  40  4:12  Stalker  
  40  4:14  Stalker x2  
  46  4:17  Probe  
  46  4:19  Robotics Facility  
  45  4:24  Pylon, Probe  
  46  4:40  Stalker x3  
  46  4:42  Probe x2  
  54  4:47  Twilight Council  
  54  4:54  Probe  
  54  4:55  Probe  
  54  4:59  Observer  
  56  5:03  Pylon  
  56  5:06  Probe  
  58  5:10  Warp Prism  
  58  5:12  Probe, Assimilator  
  58  5:14  Assimilator  
  59  5:18  Probe  
  59  5:20  Robotics Bay, Blink  
  61  5:25  Pylon  
  61  5:26  Probe  
  63  5:32  Gateway  
  63  5:36  Probe  
  63  5:38  Observer  
  63  5:39  Probe  
  65  5:43  Gateway  
  65  5:47  Forge  
  63  5:52  Observer  
  62  6:04  Gateway  
  62  6:05  Pylon  
  62  6:06  Colossus  
  62  6:08  Zealot x2  
  66  6:11  Zealot  
  74  6:26  Pylon  
  74  6:27  Extended Thermal Lance  
  74  6:30  Protoss Ground Weapons Level 1  
  74  6:40  Nexus  
  74  6:50  Probe x2  
  74  6:52  Pylon  
  74  6:54  Charge  
  76  6:56  Colossus  
  82  7:02  Probe  
  82  7:05  Probe  
  84  7:14  Sentry  
  84  7:15  Zealot x2, Pylon  
  90  7:21  Sentry  
  90  7:22  Stalker x2  
  96  7:29  Probe x2  
  98  7:30  Pylon  
  98  7:41  Probe x2  
  100  7:44  Stalker x3, Sentry  
  100  7:49  Stalker  
  110  7:57  Stalker  
  110  7:58  Probe x2  
  110  8:00  Probe  
  113  8:12  Zealot x5  
  121  8:16  Observer  
  121  8:17  Pylon  
  121  8:18  Pylon  
  121  8:20  Zealot  
  121  8:25  Gateway  
  123  8:33  Zealot x4  
  124  8:34  Zealot  
  126  8:48  Zealot  
  110  8:50  Gateway  
  90  8:57  Zealot x3  
  90  8:58  Zealot x2  
  100  9:09  Zealot  
  106  9:13  Assimilator  
  106  9:18  Sentry  
  106  9:19  Zealot  
Tags
 
Add a new tag
Caveats
  • Supply blocks, unpowered buildings, or Contaminate may cause inaccurate times.
  • Supply counts are checked every 10 seconds.